 Dungeon Crawl Stone Soup version 0.27-a0-1456-gf5a116941d (webtiles) character file.

Game seed: 13948197506892860330

690907 miscthings the Sorcerer (level 27, -6/196 HPs)
             Began as a Djinni Conjurer on June 11, 2021.
             Was the Champion of Makhleb.
             Killed from afar by an orb of fire (21 damage)
             ... with a bolt of fire
             ... on level 4 of the Realm of Zot on July 6, 2021.
             The game lasted 02:08:40 (38240 turns).

miscthings the Sorcerer (Djinni Conjurer)          Turns: 38240, Time: 02:08:40

Health: -6/196     AC: 19    Str:  7    XL:     27
Gold:   2839       EV: 22    Int: 42    God:    Makhleb [******] SH: 22 Dex: 15

rFire    + + .     SeeInvis .   W - staff of earth
rCold    + + .     Faith    .   K - +4 kite shield {rC+}
rNeg     + + +     Spirit   .   C - +4 troll leather armour
rPois    ∞         Reflect  +   U - +2 helmet of the Eagle {Drain rC++ rN+++ Str+4}
rElec    +         Harm     .   F - +2 cloak {rPois}
rCorr    .         Rampage  .   j - +1 pair of gloves "Foitz" {Contam rElec rN+++ Str-3}
Will     +++..     Rnd*Rage +   (boots unavailable)
Stlth    ++........             V - amulet "Rukuras" {Reflect Will+ SH+5}
HPRegen  1.42/turn              e - +6 ring of intelligence
MPRegen  0.00/turn              p - +6 ring of intelligence

@: about to teleport, marked, unable to drink, flying, studying 2 skills
A: no potions, sickness immunity, fire resistance 2, cold vulnerability 1,
float, innate caster, hp casting, extra vitality 1, berserk 1, frail 1, subdued
magic 1
}: 5/15 runes: barnacled, slimy, silver, abyssal, gossamer
a: Renounce Religion, Minor Destruction, Lesser Servant of Makhleb, Major
Destruction, Greater Servant of Makhleb


You were on level 4 of the Realm of Zot.
You worshipped Makhleb.
Makhleb was exalted by your worship.
You visited 11 branches of the dungeon, and saw 54 of its levels.
You visited the Abyss 2 times.
You also visited: Gauntlet and Ice Cave.

You collected 7894 gold pieces.
You spent 5055 gold pieces at shops.

Inventory:

Hand Weapons
 b - the +0 staff of Battle
   (You found it on level 13 of the Dungeon)
Missiles
 B - 10 throwing nets
Armour
 j - the +1 pair of gloves "Foitz" (worn) {Contam rElec rN+++ Str-3}
   (You bought it in a shop on level 2 of the Orcish Mines)

   Str:       It affects your strength (-3).
   rElec:     It insulates you from electricity.
   rN:        It renders you almost immune to negative energy.
   Contam:    It causes magical contamination when unequipped.
 r - a +0 kite shield of reflection
 C - a +4 troll leather armour (worn)
 F - a +2 cloak of poison resistance (worn)
 G - the -2 hat of the Alchemist {rElec rPois rF+ rC+ rN+ Will+ rMut rCorr}
   (You found it on level 5 of the Pits of Slime)

   rF:        It protects you from fire.
   rC:        It protects you from cold.
   rElec:     It insulates you from electricity.
   rPois:     It protects you from poison.
   rN:        It protects you from negative energy.
   rCorr:     It protects you from acid and corrosion.
   rMut:      It protects you from mutation.
   Will:      It increases your willpower.
 K - a +4 kite shield of cold resistance (worn)
 U - the +2 helmet of the Eagle (worn) {Drain rC++ rN+++ Str+4}
   (You found it on level 2 of the Lair of Beasts)

   Str:       It affects your strength (+4).
   rC:        It greatly protects you from cold.
   rN:        It renders you almost immune to negative energy.
   Drain:     It drains your maximum health when unequipped.
 Z - a scarf of resistance
Magical Staves
 y - a staff of cold
 W - a staff of earth (weapon)
 X - a staff of fire
Jewellery
 e - a +6 ring of intelligence (left hand)
 p - a +6 ring of intelligence (right hand)
 u - an amulet of regeneration
 H - the macabre finger necklace {rN+}
   (You found it on level 1 of the Shoals)

   [amulet of nothing]

   It enables you to equip an extra ring.
   rN:        It protects you from negative energy.
 M - the ring of Toguubuo {rC++ rN+ Will+ Dex-5 Slay+2}
   (You found it on level 2 of the Vaults)

   [ring of willpower]

   Dex:       It affects your dexterity (-5).
   Slay:      It affects your accuracy & damage with ranged weapons and melee
   (+2).
   rC:        It greatly protects you from cold.
   rN:        It protects you from negative energy.
   Will:      It increases your willpower.
 R - the ring of Irrussuo {rElec rF+ rN+ SInv Stlth+}
   (You found it in a Gauntlet)

   [ring of protection from fire]

   rF:        It protects you from fire.
   rElec:     It insulates you from electricity.
   rN:        It protects you from negative energy.
   SInv:      It lets you see invisible.
   Stlth:     It makes you more stealthy.
 V - the amulet "Rukuras" (around neck) {Reflect Will+ SH+5}
   (You found it on level 3 of the Shoals)

   [amulet of reflection]

   It reflects blocked missile attacks.
   SH:        It affects your SH (+5).
   Will:      It increases your willpower.
Wands
 s - a wand of paralysis (10)
 t - a wand of charming (9)
 v - a wand of iceblast (42)
 E - a wand of acid (71)
 Y - a wand of digging (14)
Scrolls
 a - 17 scrolls of teleportation
 d - 8 scrolls of magic mapping
 f - 3 scrolls of holy word
 g - 4 scrolls of blinking
 h - 3 scrolls of summoning
 m - 7 scrolls of immolation
 n - 6 scrolls of fog
 I - 25 scrolls of identify {@r1}
 O - 5 scrolls of fear
 P - 3 scrolls of vulnerability
Potions
 c - 3 potions of resistance
 k - 3 potions of invisibility
 l - 8 potions of haste
 o - 6 potions of heal wounds
 q - 6 potions of lignification
 w - 6 potions of brilliance
 x - 4 potions of cancellation
 z - 2 potions of mutation
 A - 14 potions of curing
 D - 4 potions of might
 L - 11 potions of ambrosia
 S - 8 potions of attraction
Miscellaneous
 J - a condenser vane
 N - a tin of tremorstones (2/2)
 Q - a phantom mirror
 T - a box of beasts


   Skills:
 + Level 24.1 Fighting
 - Level 10.0 Armour
 - Level 20.8 Dodging
 - Level 1.5 Stealth
 - Level 15.0 Shields
 + Level 25.1 Spellcasting
 - Level 10.0 Evocations


You couldn't memorise any spells.
You knew the following spells:

 Your Spells              Type           Power      Damage    Failure   Level
a - Shatter               Erth           70%        3d52*     1%          9
b - Magic Dart            Conj           100%       1d8       0%          1
c - Summon Mana Viper     Hex/Summ       100%       N/A       0%          5
d - Fulminant Prism       Conj/Hex       58%        3d25      0%          4
e - Iskenderun's Mystic   Conj/Tloc      100%       2d19      0%          4
f - Shock                 Conj/Air       100%       1d9       0%          1
g - Passwall              Tmut/Erth      100%       N/A       0%          2
h - Portal Projectile     Hex/Tloc       100%       N/A       0%          3
i - Call Canine Familiar  Summ           100%       N/A       0%          3
j - Dazzling Flash        Conj/Hex       100%       N/A       0%          3
k - Death Channel         Necr           58%        N/A       0%          6
l - Storm Form            Tmut/Air       58%        N/A       0%          7
m - Borgnjor's Revivific  Necr           58%        N/A       1%          8
n - Searing Ray           Conj           100%       3d7       0%          2
o - Dragon's Call         Summ           58%        N/A       1%          9
p - Discord               Hex            58%        N/A       1%          8
x - Ozocubu's Refrigerat  Ice            58%        4d16      0%          7
z - Borgnjor's Vile Clut  Necr/Erth      70%        N/A       0%          5
Your spell library was empty.

Dungeon Overview and Level Annotations

Branches:
Dungeon (15/15)            Temple (1/1) D:4            Lair (6/6) D:8
 Shoals (4/4) Lair:2       Spider (4/4) Lair:4        Slime (5/5) Lair:6
    Orc (2/2) D:9             Elf (3/3) Orc:2        Vaults (5/5) D:14
  Crypt (0/3) Vaults:3     Depths (5/5) D:15            Zot (4/5) Depths:5
  IceCv (visited)         Gauntlet (visited)

Altars:
Ashenzari
Cheibriados
Dithmenos
Elyvilon
Fedhas
Gozag
Hepliaklqana
Kikubaaqudgha
Makhleb
Nemelex Xobeh
Okawaru
Qazlal
Sif Muna
Trog
Uskayaw
Vehumet
Wu Jian
Xom
Yredelemnul
Zin
The Shining One
Beogh

Shops:
D:1 (   Orc:2 :[[*?*   Elf:1 [=   Elf:2 ?   Shoals:1 *?   Vaults:2 [[:*
Vaults:4 *   Vaults:5 !!![[[   Depths:1 *   Depths:3 !:=:

Portals:
Hell: Depths:1 Depths:2 Depths:3 Depths:4 Depths:5
Abyss: Depths:4
Pandemonium: Depths:3
Ziggurat: Depths:1

Annotations:
Shoals:1 3 runed translucent doors, octoduck's ghost, adept TeAE
Elf:2 3 runed translucent doors
Depths:3 1 runed translucent door


Innate Abilities, Weirdness & Mutations

You cannot drink.
You are immune to sickness and miasma.
You are immune to poison.
Your flesh is very heat resistant. (rF++)
You are vulnerable to cold. (rC-)
You float through the air rather than walking.
You learn spells naturally, not from books.
Your magical power is your life essence.
You have superior vitality. (+4 HP)
You tend to lose your temper in combat.
You are frail. (-10% HP)
Your spells are a little easier to cast, but a little less powerful.


Message History

Casting: Ozocubu's Refrigeration (safe; 0% risk of failure)
Confirm with . or Enter, or press ? or * to list all spells.
The heat is drained from your surroundings.
You feel very cold.
The orbs of fire are frozen.
The orb of fire resists.
The orb of fire is severely damaged.
The orb of fire resists.
The orb of fire is lightly damaged.
* * * LOW HITPOINT WARNING * * *
As you read the scroll of teleportation, it crumbles to dust.
You feel strangely unstable.
You feel the Orb delaying your translocation!
The orb of fire glows yellow.
The bolt of fire hits you!! You resist.
* * * LOW HITPOINT WARNING * * *
You cannot drink potions in your current state!
Okay, then.
Blink to where?
Press: ? - help, Dir - move target
As you read the scroll of blinking, it crumbles to dust.
You set off the alarm!
A sentinel's mark forms upon you.
You hear a roar!
The orb of fire glows red.
Strange energies course through your body.
You feel frail.
Found a scroll of teleportation and 13 arrows.
Casting: Ozocubu's Refrigeration (safe; 0% risk of failure)
Confirm with . or Enter, or press ? or * to list all spells.
The heat is drained from your surroundings.
You feel very cold.
The orbs of fire are frozen.
The orb of fire resists.
The orb of fire is severely damaged.
The orb of fire resists.
The orb of fire is lightly damaged.
* * * LOW HITPOINT WARNING * * *
The orb of fire glows bright magenta.
The fireball explodes!
The fireball engulfs you! You resist.
* * * LOW HITPOINT WARNING * * *
The orb of fire glows bright magenta.
The bolt of fire hits you!! You resist.
You die...

**,,,***,,,***,,,,,,,,,,
**,,,***,,,**#..,********
**,,,***,,,**#^..*********
**,,,***,,,**#....,*,,,,,,,
*,,,***,,,**#...#,,,,,,,,,,
*,,***,,,**#...#**,,,******
*,,**,,,*##.(.#**,,,*******
*,,**,,*##...#**,^,***,,,,,
****#.,*#.@.#**...***,,,,,,
#..##..###...#**,,,****
#.............#......##
****#..?.................?.
*^,*#..##.)................
*,,*#..*#...$.......^......
*,,*#.,*#.....**...........
*,,*#,,*#...)..........†...
*,,**,,*#.............)....


You could see 2 orbs of fire.

Vanquished Creatures
  the Royal Jelly (Slime:5)
  A dread lich (Vaults:2)
  2 ancient liches (Vaults:5)
  Mara (Vaults:2)
  An orb of fire (Zot:3)
  2 juggernauts (Depths:4)
  A shard shrike (Zot:1)
  Xtahua (Vaults:3)
  A caustic shrike (Depths:2)
  A curse toe (Zot:2)
  6 golden dragons
  4 bone dragons
  Jory (Vaults:5)
  An electric golem (Zot:1)
  19 tentacled monstrosities
  A hellephant (Abyss:4)
  9 liches
  4 titans
  7 quicksilver dragons
  15 acid blobs
  3 deep elf blademasters (Elf:3)
  3 deep elf master archers (Elf:3)
  6 death cobs
  10 sphinxes
  8 tengu reavers
  11 rockslimes
  2 draconian monks (Zot:3)
  8 storm dragons
  5 tentacled starspawn
  10 shadow dragons
  8 azure jellies
  A revenant (Vaults:3)
  Donald (Vaults:4)
  14 fire giants
  An azure jelly (shapeshifter) (Depths:3)
  3 draconian knights
  20 vault wardens
  4 draconian scorchers
  3 iron dragons
  9 ghost moths
  14 frost giants
  Louise (D:14)
  4 orc warlords
  8 deep elf sorcerers
  4 spectral caustic shrikes (Depths:1)
  Aizul (Elf:2)
  7 deep elf elementalists
  A balrug (Abyss:2)
  2 draconian annihilators (Zot:3)
  2 draconian stormcallers (Zot:4)
  3 emperor scorpions (Spider:4)
  2 spriggan defenders
  10 quicksilver oozes
  49 very ugly things
  16 ironbound preservers
  2 reapers
  22 stone giants
  5 war gargoyles
  12 green draconians
  8 deep elf demonologists
  7 vampire knights
  A bunyip (shapeshifter) (Vaults:5)
  Azrael (D:15)
  9 black draconians
  4 entropy weavers (Spider:4)
  19 red draconians
  6 white draconians
  3 purple draconians
  A spark wasp (shapeshifter) (Vaults:5)
  2 minotaurs
  10 dire elephants
  4 blizzard demons
  9 deep elf annihilators
  A crystal guardian (Vaults:4)
  10 ettins
  18 spark wasps
  8 yellow draconians
  10 merfolk impalers
  6 deep elf death magi
  21 yaktaur captains
  10 merfolk javelineers
  12 fire dragons
  2 green deaths
  16 great orbs of eyes
  8 deep elf high priests
  4 rakshasas
  Fannar (Lair:1)
  A hell beast (Depths:2)
  Harold (D:7)
  7 hydras
  5 ironbound thunderhulks
  5 boulder beetles
  5 ironbound frosthearts
  33 vault guards
  The ghost of Bujuo the Severer, a journeyman PaFi of Hepliaklqana (Lair:1)
  4 alligator snapping turtles
  Erolcha (D:9)
  The ghost of Atlas the Martial Artist, a journeyman DgTm (D:13)
  7 ice dragons
  An alligator snapping turtle (shapeshifter) (Elf:3)
  3 catoblepae (Lair:6)
  3 merfolk avatars
  A spriggan air mage (Depths:5)
  18 centaur warriors
  2 peacekeepers
  A boulder beetle (shapeshifter) (Depths:1)
  10 dancing weapons
  9 deep troll earth magi
  6 merfolk aquamancers
  7 two-headed ogres
  8 deep troll shamans
  2 vampire magi
  5 satyrs
  6 death yaks (Lair:6)
  A hell hog (Depths:2)
  5 tengu warriors
  A spriggan berserker (Depths:5)
  10 ironbound beastmasters
  11 thrashing horrors
  A soul eater (Depths:2)
  15 hell knights
  10 deep elf knights
  8 wretched stars
  A sun demon (Abyss:2)
  A sea snake (shapeshifter) (Elf:3)
  2 shadow wraiths
  A fire crab (shapeshifter) (Vaults:5)
  3 iron trolls
  3 sixfirhies (Gauntlet)
  12 skeletal warriors
  A death drake (Abyss:2)
  8 glowing orange brains
  23 large abominations
  A golden dragon zombie (Depths:3)
  62 deep trolls
  A goliath frog (shapeshifter) (Depths:4)
  A flayed ghost (Depths:2)
  11 sea snakes
  3 orange crystal statues
  19 ironbound convokers
  15 wizards
  6 lindwurms
  10 deep elf archers
  5 phantasmal warriors
  A mana viper (shapeshifter) (D:15)
  16 orc knights
  20 deep elf zephyrmancers
  A shadow dragon zombie (Abyss:2)
  5 necromancers
  27 deep elf pyromancers
  11 harpies
  7 orb spiders
  Pikel (D:5)
  A harpy (shapeshifter) (Depths:5)
  5 shining eyes
  16 wolf spiders
  A frost giant zombie (Depths:3)
  The ghost of mandarbmax the Cruncher, a novice FoFi of Uskayaw (D:6)
  2 orc sorcerers
  A cyclops (shapeshifter) (Depths:3)
  13 fauns
  An elephant (shapeshifter) (Depths:3)
  5 cyclopes
  59 ugly things
  21 manticores
  16 moths of wrath
  2 worldbinders (Abyss:2)
  2 apocalypse crabs
  A guardian serpent (shapeshifter) (Elf:3)
  A centaur zombie (D:11)
  A manticore (shapeshifter) (Depths:5)
  A fire giant skeleton (Depths:3)
  7 elephants (Lair:6)
  5 black mambas
  4 water nymphs
  8 merfolk sirens
  3 eyes of devastation
  2 gargoyles
  3 ice statues
  7 smoke demons
  16 vault sentinels
  Maggie (D:6)
  A torpor snail (shapeshifter) (Vaults:4)
  2 rime drakes (Lair:6)
  9 unseen horrors
  An unseen horror (shapeshifter) (D:14)
  15 komodo dragons
  14 cane toads
  8 demonic crawlers (Spider:4)
  28 yaktaurs
  2 anaconda simulacra (IceCv)
  3 freezing wraiths
  2 kobold demonologists
  9 ice devils
  4 efreet
  A queen bee (shapeshifter) (D:14)
  3 red devils
  2 entropy weaver simulacra (IceCv)
  7 ancient zymes
  2 hellwings (Abyss:2)
  4 jumping spiders (shapeshifter)
  14 jumping spiders
  3 meliai (Lair:4)
  34 merfolk
  2 queen bees
  5 trolls
  5 polar bears
  A wind drake (shapeshifter) (D:13)
  5 wind drakes
  Grinder (D:5)
  Prince Ribbit (D:6)
  2 hornets (shapeshifter)
  89 slime creatures
  12 snapping turtles
  15 raiju
  A slime creature (shapeshifter) (Vaults:5)
  3 hornets (Spider:4)
  An ettin zombie (Abyss:2)
  8 dream sheep
  25 blink frogs
  A flying skull (Elf:3)
  An ettin skeleton (Abyss:5)
  3 air elementals
  8 ynoxinuls
  A centaur simulacrum (D:14)
  24 redbacks
  21 starcursed masses
  23 water elementals
  Eustachio (D:6)
  An elf zombie (Depths:3)
  A yak (shapeshifter) (Vaults:4)
  Sigmund (D:6)
  A fire bat (Abyss:3)
  5 shadows
  4 basilisks
  10 humans (D:14)
  5 wraiths
  75 yaks
  4 wyverns
  24 fire elementals
  9 tarantellas (Spider:4)
  A basilisk (shapeshifter) (Elf:2)
  3 steam dragons
  An elf skeleton (Depths:3)
  4 golden eyes
  4 chaos spawn
  A death yak simulacrum (IceCv)
  3 neqoxecs
  19 vampire mosquitoes
  Edmund (D:6)
  7 wargs (Orc:2)
  2 acid dragons
  9 water moccasins
  2 floating eyes
  5 hell hounds
  41 orc warriors
  A meliai simulacrum (D:14)
  3 ice beasts
  2 sky beasts
  An ogre (shapeshifter) (Vaults:5)
  3 boggarts
  13 wolves
  6 ogres
  4 phantoms
  5 centaurs
  5 kobold brigands
  12 bullfrogs
  A gnoll sergeant (D:10)
  3 scorpions
  A two-headed ogre simulacrum (IceCv)
  13 small abominations
  3 earth elementals
  2 cane toad simulacra (IceCv)
  An elephant simulacrum (IceCv)
  A troll zombie (D:9)
  36 killer bees
  10 wights
  16 electric eels
  A crimson imp (D:5)
  6 howler monkeys
  4 quasits
  9 hounds
  6 jellies
  A centaur skeleton (D:7)
  9 orc priests
  2 iron imps
  3 bullfrog skeletons
  18 orc wizards
  3 iguanas
  3 hell rats (D:7)
  6 lightning spires (Abyss:5)
  4 spriggan simulacra (IceCv)
  2 killer bee zombies (D:8)
  A wolf simulacrum (IceCv)
  5 ogre zombies (D:9)
  2 howler monkey skeletons
  6 gnolls
  6 naga simulacra (IceCv)
  6 adders
  7 river rats
  A shadow imp (D:7)
  11 white imps
  3 ufetubi
  4 dart slugs
  65 orcs
  4 ball pythons
  3 bats
  3 endoplasms
  2 giant cockroaches (D:1)
  2 goblins
  7 hobgoblins
  5 jackals
  8 quokkas
  A frilled lizard (D:3)
  2 hobgoblin skeletons (D:9)
  4 hobgoblin zombies (D:9)
  12 kobolds
  4 orc skeletons (D:9)
  9 orc zombies (D:9)
  14 rats
  6 fulminant prisms
  2 lurking horrors
  2 starspawn tentacles (Abyss:2)
2380 creatures vanquished.

Vanquished Creatures (collateral kills)
  2 shadow dragons (Vaults:5)
  A frost giant (Vaults:5)
  A vault sentinel (Vaults:5)
  A water moccasin (Lair:6)
  An orc warrior (Vaults:5)
6 creatures vanquished.

Vanquished Creatures (others)
  A moth of wrath (Zot:3)
  A water nymph (Shoals:3)
  A red devil (Abyss:2)
  A human (D:14)
  An orc priest (Vaults:5)
  An ufetubus (IceCv)
  153 fulminant prisms
  44 fungi
  470 plants
  14 starspawn tentacles
687 creatures vanquished.

Grand Total: 3073 creatures vanquished

Notes
Turn   | Place    | Note
-------+----------+-------------------------------------------
     0 | D:1      | miscthings the Djinni Conjurer began the quest for the Orb.
     0 | D:1      | Reached XP level 1. HP: 15/15 MP: 0/0
    64 | D:1      | Found Plog's Weapon Shoppe.
    70 | D:1      | Upgraded the game from 0.27-a0-1273-gec92ba881d to
                  | 0.27-a0-1456-gf5a116941d
   161 | D:1      | Reached XP level 2. HP: 15/21 MP: 0/0
   569 | D:1      | Found a faded altar of an unknown god.
   895 | D:2      | Reached XP level 3. HP: 18/25 MP: 0/0
   895 | D:2      | Learned a level 1 spell: Shock
  1087 | D:2      | Reached skill level 4 in Spellcasting
  1419 | D:2      | Found a basalt altar of Yredelemnul.
  1823 | D:4      | Found a staircase to the Ecumenical Temple.
  1823 | D:4      | Noticed an ogre
  1826 | D:4      | Killed an ogre
  1827 | D:4      | Reached XP level 4. HP: 23/31 MP: 0/0
  1827 | D:4      | Reached XP level 5. HP: 26/35 MP: 0/0
  1827 | D:4      | Learned a level 2 spell: Passwall
  1835 | Temple   | Entered the Ecumenical Temple
  1902 | Temple   | Became a worshipper of Makhleb the Destroyer
  2019 | D:4      | Reached skill level 5 in Spellcasting
  2038 | D:4      | Reached XP level 6. HP: 34/40 MP: 0/0
  2321 | D:3      | Reached * piety under Makhleb
  2336 | D:3      | Found a hide-covered altar of Uskayaw.
  2337 | D:3      | Found a bloodstained altar of Trog.
  2602 | D:3      | You are sucked into a shaft and drop 2 floors!
  2602 | D:5      | Entered Level 5 of the Dungeon
  2619 | D:5      | Reached skill level 6 in Spellcasting
  2619 | D:5      | Reached XP level 7. HP: 38/45 MP: 0/0
  2619 | D:5      | Learned a level 3 spell: Portal Projectile
  2619 | D:5      | Noticed Grinder
  2631 | D:5      | Killed Grinder
  2674 | D:5      | Noticed Blork the orc
  2675 | D:5      | Noticed Blork
  2675 | D:5      | Blork the orc changed into Blork the river rat
  2681 | D:5      | Killed Blork the river rat
  2925 | D:5      | Noticed Pikel
  2930 | D:5      | Killed Pikel
  2931 | D:5      | Reached skill level 7 in Spellcasting
  2931 | D:5      | Reached XP level 8. HP: 19/50 MP: 0/0
  3204 | D:5      | Reached skill level 8 in Spellcasting
  3767 | D:5      | Reached XP level 9. HP: 46/55 MP: 0/0
  3767 | D:5      | Learned a level 3 spell: Call Canine Familiar
  3941 | D:6      | Noticed Maggie
  3946 | D:6      | Reached skill level 9 in Spellcasting
  3951 | D:6      | Killed Maggie
  3951 | D:6      | Reached ** piety under Makhleb
  4020 | D:6      | Noticed Sigmund
  4025 | D:6      | Killed Sigmund
  4046 | D:6      | Reached skill level 10 in Spellcasting
  4273 | D:6      | Identified the +2 robe of Hadjma {+Inv rPois Dex+4}
  4361 | D:6      | Noticed Eustachio
  4361 | D:6      | Noticed Edmund
  4366 | D:6      | Killed Edmund
  4370 | D:6      | Killed Eustachio
  4376 | D:6      | Noticed Prince Ribbit
  4382 | D:6      | Killed Prince Ribbit
  4383 | D:6      | Reached XP level 10. HP: 40/60 MP: 0/0
  4406 | D:6      | Found a runed translucent gate.
  4424 | D:6      | Found a runed translucent gate.
  4425 | D:6      | Found a runed translucent gate.
  4426 | D:6      | Noticed mandarbmax's ghost (novice FoFi)
  4482 | D:6      | Killed mandarbmax's ghost
  4483 | D:6      | Reached skill level 11 in Spellcasting
  5160 | D:7      | Reached *** piety under Makhleb
  5165 | D:7      | Reached skill level 1 in Armour
  5165 | D:7      | Reached skill level 1 in Shields
  5236 | D:7      | Reached skill level 1 in Evocations
  5312 | D:7      | Noticed Harold
  5321 | D:7      | Killed Harold
  5322 | D:7      | Reached skill level 1 in Fighting
  5534 | D:7      | Found an iron altar of Okawaru.
  5534 | D:7      | Found a basalt altar of Yredelemnul.
  5690 | D:8      | Found a staircase to the Lair.
  5703 | D:8      | Reached XP level 11. HP: 37/68 MP: 0/0
  5703 | D:8      | Learned a level 5 spell: Borgnjor's Vile Clutch
  5966 | D:8      | Identified the +8 scimitar "Revela" {drain, rF+ rCorr
                  | Dex+4}
  6055 | D:8      | Reached **** piety under Makhleb
  6205 | D:8      | Found a glowing silver altar of Zin.
  6655 | D:9      | Noticed Erolcha
  6661 | D:9      | Killed Erolcha
  6781 | D:9      | Found a staircase to the Orcish Mines.
  7120 | D:9      | Reached skill level 12 in Spellcasting
  7123 | D:9      | Reached skill level 5 in Dodging
  7328 | D:10     | Entered Level 10 of the Dungeon
  7347 | D:10     | Noticed a two-headed ogre
  7354 | D:10     | Killed a two-headed ogre
  7490 | D:10     | Noticed a two-headed ogre
  7500 | D:10     | Killed a two-headed ogre
  7501 | D:10     | Reached XP level 12. HP: 64/78 MP: 0/0
  7753 | D:10     | Reached ***** piety under Makhleb
  7876 | D:10     | Found a large runed translucent door.
  7876 | D:10     | Found a large runed translucent door.
  7979 | D:10     | Found a shimmering altar of Xom.
  8059 | D:10     | Identified the +1 dagger "Voumec" {chaos, rF+}
  8059 | D:10     | Identified the +2 robe "Pideudoohi" {rCorr Dex-3 SInv}
  8379 | Orc:1    | Entered Level 1 of the Orcish Mines
  8483 | Orc:1    | Reached skill level 5 in Shields
  8586 | Orc:2    | Entered Level 2 of the Orcish Mines
  8586 | Orc:2    | Found Huqoow's Armour Shop.
  8598 | Orc:2    | Found Gocw's Gadget Gallery.
  8737 | Orc:1    | Reached skill level 5 in Armour
  8741 | Orc:1    | Reached skill level 5 in Evocations
  8795 | Orc:2    | Found a staircase to the Elven Halls.
  8813 | Orc:2    | Bought a wand of iceblast (12) for 272 gold pieces
  8825 | Orc:2    | Reached skill level 5 in Fighting
  9003 | Orc:2    | Reached XP level 13. HP: 72/86 MP: 0/0
  9003 | Orc:2    | Learned a level 5 spell: Summon Mana Viper
  9010 | Orc:2    | Found Balingy's Assorted Antiques.
  9010 | Orc:2    | Found Peireecy's Magic Scroll Emporium.
  9017 | Orc:2    | Bought a scroll of fear for 59 gold pieces
  9017 | Orc:2    | Bought a scroll of immolation for 59 gold pieces
  9017 | Orc:2    | Bought a scroll of vulnerability for 127 gold pieces
  9029 | Orc:2    | Bought a scroll labelled IKEBAE XEXUCOECVO for 27 gold
                  | pieces
  9049 | Orc:2    | Reached ****** piety under Makhleb
  9134 | Orc:2    | Found Hymeg's Armour Shop.
  9134 | Orc:2    | Found Qas Qion's Book Emporium.
  9174 | Orc:2    | Bought the +1 pair of gloves "Foitz" {Contam rElec rN+++
                  | Str-3} for 456 gold pieces
  9817 | Lair:1   | Entered Level 1 of the Lair of Beasts
 10019 | Lair:1   | Found a runed translucent gate.
 10019 | Lair:1   | Found a runed translucent gate.
 10019 | Lair:1   | Found a runed translucent gate.
 10020 | Lair:1   | Noticed a minotaur
 10041 | Lair:1   | Noticed Bujuo's ghost (journeyman PaFi)
 10065 | Lair:1   | Killed a minotaur
 10066 | Lair:1   | Reached skill level 13 in Spellcasting
 10068 | Lair:1   | Killed Bujuo's ghost
 10222 | Lair:1   | Noticed Fannar
 10241 | Lair:1   | Killed Fannar
 10790 | Lair:2   | Identified the +2 helmet of the Eagle {Drain rC++ rN+++
                  | Str+4}
 10862 | Lair:2   | Found a staircase to the Shoals.
 10912 | Lair:2   | Noticed a six-headed hydra
 10921 | Lair:2   | Killed a six-headed hydra
 11081 | Lair:2   | You are sucked into a shaft and drop 2 floors!
 11097 | Lair:4   | Found a hole to the Spider Nest.
 11512 | Lair:3   | Noticed a seven-headed hydra
 11518 | Lair:3   | Killed a seven-headed hydra
 11702 | Lair:3   | Noticed an eight-headed hydra
 11708 | Lair:3   | Killed an eight-headed hydra
 12051 | Lair:2   | Noticed Sonja
 12052 | Lair:2   | Noticed Sonja
 12052 | Lair:2   | Sonja changed into Sonja the queen bee
 12055 | Lair:2   | Killed Sonja the queen bee
 12481 | Lair:4   | Reached XP level 14. HP: 91/96 MP: 0/0
 13941 | Lair:6   | Entered Level 6 of the Lair of Beasts
 14007 | Lair:6   | Reached skill level 14 in Spellcasting
 14126 | Lair:6   | Reached XP level 15. HP: 103/103 MP: 0/0
 14126 | Lair:6   | Learned a level 6 spell: Death Channel
 14190 | Lair:6   | Found a staircase to the Slime Pits.
 14407 | Lair:6   | Reached skill level 10 in Dodging
 15376 | Elf:1    | Entered Level 1 of the Elven Halls
 15394 | Elf:1    | Found Qajuoduk's Jewellery Shop.
 15395 | Elf:1    | Found Lurrik's Armour Boutique.
 15398 | Elf:1    | Bought an amulet of reflection for 450 gold pieces
 15621 | Elf:1    | Paralysed by an air elemental for 1 turns
 15973 | Elf:1    | Reached XP level 16. HP: 54/112 MP: 0/0
 16753 | Elf:2    | Reached skill level 10 in Shields
 16753 | Elf:2    | Reached skill level 10 in Evocations
 16908 | Elf:2    | Reached skill level 15 in Spellcasting
 17140 | Elf:2    | Reached skill level 10 in Fighting
 17182 | Elf:2    | Found Duuschix's Magic Scroll Emporium.
 17182 | Elf:2    | Noticed Aizul
 17188 | Elf:2    | Killed Aizul
 17605 | Elf:2    | Found a runed translucent gate.
 17605 | Elf:2    | Found a runed translucent gate.
 17605 | Elf:2    | Found a runed translucent gate.
 17647 | Elf:3    | Entered Level 3 of the Elven Halls
 18471 | Elf:3    | Noticed a deep elf sorcerer
 18475 | Elf:3    | Killed a deep elf sorcerer
 18478 | Elf:3    | Reached XP level 17. HP: 85/120 MP: 0/0
 18478 | Elf:3    | Learned a level 7 spell: Ozocubu's Refrigeration
 18487 | Elf:3    | Noticed a deep elf blademaster
 18489 | Elf:3    | Noticed a deep elf blademaster
 18494 | Elf:3    | Killed a deep elf blademaster
 18494 | Elf:3    | Killed a deep elf blademaster
 18528 | Elf:3    | Noticed a deep elf blademaster
 18534 | Elf:3    | Killed a deep elf blademaster
 18544 | Elf:3    | Noticed a deep elf master archer
 18546 | Elf:3    | Killed a deep elf master archer
 18549 | Elf:3    | Noticed a deep elf master archer
 18551 | Elf:3    | Killed a deep elf master archer
 18555 | Elf:3    | Noticed a deep elf master archer
 18557 | Elf:3    | Killed a deep elf master archer
 18830 | Elf:3    | Reached skill level 16 in Spellcasting
 18848 | Elf:3    | Cast into level 2 of the Abyss (a deep elf demonologist)
 19126 | Abyss:2  | Reached XP level 18. HP: 118/128 MP: 0/0
 19414 | Elf:3    | Escaped the Abyss
 19459 | Elf:3    | Identified the +9 hand crossbow of the Twisting Priest
                  | {elec, Int+3 Stlth+}
 19467 | Elf:3    | Identified the +4 hunting sling of Devotion {freeze, rF++
                  | rN+}
 19478 | Elf:3    | Identified the +6 plate armour "Mahagg" {+Blink rF++ MP+9
                  | Dex-3}
 19522 | Elf:3    | Identified the +0 great mace of Shrieking Terror {holy,
                  | +Rage}
 19687 | Elf:3    | Found the +10 dark maul {vorpal}
 19694 | Elf:3    | Identified the ring of Harmony {AC+4 Str+9}
 19703 | Elf:3    | Identified the +10 hand crossbow of the Wilderness {venom,
                  | Fragile rF+ rN+ Dex+5}
 20071 | Spider:1 | Entered Level 1 of the Spider Nest
 20119 | Spider:4 | Entered Level 4 of the Spider Nest
 20300 | Spider:4 | Reached XP level 19. HP: 129/136 MP: 0/0
 20300 | Spider:4 | Learned a level 7 spell: Storm Form
 20342 | Spider:4 | Got a gossamer rune of Zot
 20792 | Shoals:1 | Entered Level 1 of the Shoals
 20805 | Shoals:1 | Found a runed translucent gate.
 20805 | Shoals:1 | Found a runed translucent gate.
 20805 | Shoals:1 | Found a runed translucent gate.
 20805 | Shoals:1 | Noticed octoduck's ghost (adept TeAE)
 20876 | Shoals:1 | Found Dowituli's Magic Scroll Boutique.
 20912 | Shoals:1 | Found Loniz's Mass Market.
 20937 | Shoals:1 | Found a transporter.
 20939 | Shoals:1 | Found the macabre finger necklace {rN+}
 20945 | Shoals:1 | Found a transporter.
 20962 | Shoals:1 | Reached skill level 17 in Spellcasting
 21676 | Shoals:3 | Identified the amulet "Rukuras" {Reflect Will+ SH+5}
 21887 | Shoals:4 | Entered Level 4 of the Shoals
 22015 | Shoals:4 | Identified the +1 great mace of Tortured Subterfuge
                  | {vorpal, rPois SInv}
 22137 | Shoals:4 | Reached XP level 20. HP: 144/144 MP: 0/0
 22148 | Shoals:4 | Got a barnacled rune of Zot
 22181 | Shoals:4 | Identified the +6 scale mail of Telot {rF+}
 22238 | Shoals:4 | Identified the +6 trident of Keicup {elec, rN+ Int+3
                  | Stlth-}
 23123 | Shoals:1 | Identified a scroll of acquirement
 23125 | Shoals:1 | Acquired 808 gold pieces
 23279 | D:11     | Found a frozen archway.
 23292 | IceCv    | Entered an ice cave
 23523 | D:11     | Found a gate leading to a gauntlet.
 23531 | Gauntlet | Entered a Gauntlet
 23531 | Gauntlet | Found a transporter.
 23531 | Gauntlet | Found a transporter.
 23552 | Gauntlet | Found a transporter.
 23556 | Gauntlet | Found a transporter.
 23560 | Gauntlet | Found a runed translucent door.
 23562 | Gauntlet | Found a runed translucent door.
 23564 | Gauntlet | Found a transporter.
 23568 | Gauntlet | Found a transporter.
 23576 | Gauntlet | Found a transporter.
 23596 | Gauntlet | Found a transporter.
 23613 | Gauntlet | Found a transporter.
 23617 | Gauntlet | Found a transporter.
 23625 | Gauntlet | Found a transporter.
 23629 | Gauntlet | Found a transporter.
 23712 | Gauntlet | Identified the ring of Irrussuo {rElec rF+ rN+ SInv Stlth+}
 23725 | Gauntlet | Reached skill level 15 in Dodging
 23731 | Gauntlet | Identified the +0 robe "Awoelo" {rElec}
 23795 | D:11     | You are sucked into a shaft and drop 1 floor!
 25158 | D:13     | Found a runed translucent gate.
 25158 | D:13     | Found a runed translucent gate.
 25158 | D:13     | Found a runed translucent gate.
 25171 | D:13     | Reached skill level 18 in Spellcasting
 25174 | D:13     | Found the +0 staff of Battle
 25182 | D:13     | Found a runed translucent gate.
 25182 | D:13     | Found a runed translucent gate.
 25182 | D:13     | Found a runed translucent gate.
 25182 | D:13     | Identified the ring "Qepaxtiq" {Ice Int+2}
 25191 | D:13     | Identified the amulet of Attitude {RegenMP Harm rPois rC+}
 25480 | D:13     | Found a runed translucent gate.
 25480 | D:13     | Found a runed translucent gate.
 25480 | D:13     | Found a runed translucent gate.
 25480 | D:13     | Noticed Atlas's ghost (journeyman DgTm)
 25507 | D:13     | Killed Atlas's ghost
 25508 | D:13     | Reached XP level 21. HP: 152/152 MP: 0/0
 25508 | D:13     | Learned a level 8 spell: Borgnjor's Revivification
 25517 | D:13     | Identified the +0 cloak of Vehumet's Generosity {Str+5}
 25520 | D:13     | Identified the ring "Recon" {*Corrode rElec rC+++ rN+
                  | Int+2}
 25618 | D:13     | Identified the +4 rapier of Dissatisfaction {vamp, Contam
                  | Int+5}
 26535 | D:14     | Noticed Louise
 26540 | D:14     | Killed Louise
 26824 | D:14     | Found a gate to the Vaults.
 27017 | Vaults:1 | Entered Level 1 of the Vaults
 27032 | Vaults:1 | Acquired a manual of Armour
 27691 | Vaults:1 | Reached XP level 22. HP: 159/159 MP: 0/0
 28440 | Vaults:2 | Found Peeluss's Book Shoppe.
 28646 | Vaults:2 | Found Hauvas's Assorted Antiques.
 28748 | Vaults:2 | Noticed Mara
 28752 | Vaults:2 | Killed Mara
 28753 | Vaults:2 | Reached skill level 15 in Shields
 28797 | Vaults:2 | Reached skill level 15 in Fighting
 28837 | Vaults:2 | Found Ubuemys's Antique Armour Shoppe.
 28874 | Vaults:2 | Found Mymoipna's Armour Emporium.
 28920 | Vaults:2 | Found a transporter.
 28958 | Vaults:2 | Found a transporter.
 29242 | Vaults:2 | Noticed a dread lich
 29253 | Vaults:2 | Killed a dread lich
 29254 | Vaults:2 | Reached skill level 19 in Spellcasting
 29272 | Vaults:2 | Identified the amulet of the Median {RegenMP Rampage
                  | *Corrode Str+2 Slay+2}
 29283 | Vaults:2 | Identified the ring of Toguubuo {rC++ rN+ Will+ Dex-5
                  | Slay+2}
 29337 | Vaults:3 | Identified the +0 ring mail of Contentment {rCorr Int+2}
 29670 | Vaults:3 | Reached skill level 10 in Armour
 29744 | Vaults:3 | Reached XP level 23. HP: 167/167 MP: 0/0
 29744 | Vaults:3 | Learned a level 8 spell: Discord
 30052 | Vaults:3 | Noticed Xtahua
 30059 | Vaults:3 | Killed Xtahua
 30495 | Vaults:3 | Found a staircase to the Crypt.
 30784 | Vaults:4 | Noticed Donald
 30785 | Vaults:4 | Killed Donald
 30962 | Vaults:4 | Found Hoim's Assorted Antiques.
 31281 | Vaults:4 | Reached skill level 20 in Spellcasting
 31420 | Vaults:5 | Entered Level 5 of the Vaults
 31423 | Vaults:5 | Reached XP level 24. HP: 177/177 MP: 0/0
 31452 | Vaults:5 | Noticed an ancient lich
 31464 | Vaults:5 | Noticed Jory
 31465 | Vaults:5 | Killed an ancient lich
 31470 | Vaults:5 | Noticed an ancient lich
 31473 | Vaults:5 | Reached XP level 25. HP: 184/184 MP: 0/0
 31473 | Vaults:5 | Learned a level 9 spell: Dragon's Call
 31479 | Vaults:5 | Killed Jory
 31479 | Vaults:5 | Killed an ancient lich
 31487 | Vaults:5 | Reached skill level 21 in Spellcasting
 31597 | Vaults:5 | Found Jaczeahu's Distillery.
 31597 | Vaults:5 | Found Xocridao's Distillery.
 31608 | Vaults:5 | Bought a potion of mutation for 112 gold pieces
 31673 | Vaults:5 | Got a silver rune of Zot
 32000 | Vaults:5 | Found Wus Vuo's Antique Armour Emporium.
 32016 | Vaults:5 | Bought a fading scale mail for 225 gold pieces
 32016 | Vaults:5 | Identified the +1 scale mail of the Armadillo {rC+ Str+3}
                  | (You bought it in a shop on level 5 of the Vaults)
 32016 | Vaults:5 | Bought a heavily runed chain mail for 237 gold pieces
 32016 | Vaults:5 | Identified the +1 chain mail of Twilight {rF+ rC- rN++
                  | Dex-4} (You bought it in a shop on level 5 of the Vaults)
 32048 | Vaults:5 | Found Cuot's Antique Armour Shop.
 32052 | Vaults:5 | Found Xayfana's Armour Boutique.
 32058 | Vaults:5 | Bought a translucent helmet for 342 gold pieces
 32058 | Vaults:5 | Identified the +1 helmet of Viurr {Str+3 Int+4} (You bought
                  | it in a shop on level 5 of the Vaults)
 32058 | Vaults:5 | Bought distressingly furry acid dragon scales for 1620 gold
                  | pieces
 32058 | Vaults:5 | Identified the +5 acid dragon scales "Relukax" {Harm rElec
                  | rC- rCorr} (You bought it in a shop on level 5 of the
                  | Vaults)
 32058 | Vaults:5 | Bought a bloodstained scale mail for 324 gold pieces
 32058 | Vaults:5 | Identified the +2 scale mail of the Invisible Hand {Drain
                  | rC+ MP+9} (You bought it in a shop on level 5 of the
                  | Vaults)
 32058 | Vaults:5 | Bought a smoking robe for 205 gold pieces
 32058 | Vaults:5 | Identified the +0 robe of Juutt {rF+} (You bought it in a
                  | shop on level 5 of the Vaults)
 32260 | Vaults:5 | Identified the +1 ring mail of the Pits of Slime {*Corrode
                  | +Inv rElec Will+}
 32545 | Vaults:5 | Found Omyom's Distillery.
 32550 | Vaults:5 | Bought a potion of cancellation for 152 gold pieces
 32550 | Vaults:5 | Bought a potion of haste for 190 gold pieces
 32998 | Slime:1  | Entered Level 1 of the Pits of Slime
 33017 | Slime:2  | Gained mutation: Your spells are a little easier to cast,
                  | but a little less powerful. [a shining eye]
 33088 | Slime:5  | Entered Level 5 of the Pits of Slime
 33091 | Slime:5  | Reached XP level 26. HP: 193/193 MP: 0/0
 33291 | Slime:5  | Noticed the Royal Jelly
 33305 | Slime:5  | Killed the Royal Jelly
 33409 | Slime:5  | Found the -2 hat of the Alchemist {rElec rPois rF+ rC+ rN+
                  | Will+ rMut rCorr}
 33451 | Slime:5  | Identified the +8 broad axe of Doom {elec, *Corrode Fragile
                  | rN++ Stlth+}
 33462 | Slime:5  | Identified the amulet "Tiyse" {RegenMP Rampage Fragile
                  | Str+6 Dex-5}
 33468 | Slime:5  | Identified the +6 tower shield of Youthful Indiscretion
                  | {rCorr Stlth+}
 33471 | Slime:5  | Identified the ring of Ryzegorch {Ice rElec}
 33515 | Slime:5  | Got a slimy rune of Zot
 33867 | D:15     | Entered Level 15 of the Dungeon
 33878 | D:15     | Found a staircase to the Depths.
 34154 | D:15     | Noticed Azrael
 34156 | D:15     | Killed Azrael
 34247 | D:15     | Found a glowing golden altar of the Shining One.
 34342 | Depths:1 | Entered Level 1 of the Depths
 34418 | Depths:1 | Reached skill level 22 in Spellcasting
 34468 | Depths:1 | Found Syfamolo's Mayhem Merchandise.
 34491 | Depths:1 | Found a gateway to a ziggurat.
 34735 | Depths:1 | Reached XP level 27. HP: 202/202 MP: 0/0
 34735 | Depths:1 | Learned a level 9 spell: Shatter
 34778 | Depths:1 | Found a gateway to Hell.
 34787 | Depths:1 | Found an ornate altar of the Wu Jian Council.
 35206 | Depths:2 | Identified the +8 falchion of Conscience {drain, rN+ Will-
                  | rCorr}
 35236 | Depths:2 | Found a shadowy altar of Dithmenos.
 35307 | Depths:3 | Found Heyhidd's Distillery.
 35310 | Depths:3 | Bought a potion of heal wounds for 110 gold pieces
 35310 | Depths:3 | Bought a potion of brilliance for 88 gold pieces
 35456 | Depths:3 | Found a runed translucent door.
 35473 | Depths:3 | Found a runed translucent door.
 35483 | Depths:3 | Found a runed translucent door.
 35484 | Depths:3 | Found the brooch of Shielding {Spirit SH+8}
 35499 | Depths:3 | Found a runed translucent door.
 35550 | Depths:3 | Identified the +1 robe of Trumpets {Harm rF+ Will+}
 35553 | Depths:3 | Identified the -6 pair of gloves of Autotheism {Str+3}
 35649 | Depths:3 | Found a one-way gate leading to the halls of Pandemonium.
 35684 | Depths:3 | Found Zocobru's Book Shoppe.
 35685 | Depths:3 | Found Hufof's Jewellery Boutique.
 35687 | Depths:3 | Found Etryuramefu's Book Shoppe.
 36006 | Depths:4 | Noticed a juggernaut
 36008 | Depths:4 | Noticed a juggernaut
 36009 | Depths:4 | Killed a juggernaut
 36010 | Depths:4 | Killed a juggernaut
 36022 | Depths:4 | Reached skill level 23 in Spellcasting
 36050 | Depths:4 | Found the +7 Spriggan's Knife {stab, EV+4 Stlth+}
 36187 | Depths:4 | Found a shimmering altar of Xom.
 36433 | Depths:4 | Found a one-way gate to the infinite horrors of the Abyss.
 36637 | Depths:4 | Voluntarily entered the Abyss.
 36651 | Abyss:1  | Found a transporter.
 36658 | Abyss:1  | Found a corrupted altar of Lugonu.
 36798 | Abyss:2  | Found an opulent altar of Gozag.
 36901 | Abyss:3  | Found a white marble altar of Elyvilon.
 36901 | Abyss:3  | Found a shadowy altar of Dithmenos.
 36901 | Abyss:3  | Found a blossoming altar of Fedhas.
 36901 | Abyss:3  | Found an iron altar of Okawaru.
 36901 | Abyss:3  | Found a snail-covered altar of Cheibriados.
 36901 | Abyss:3  | Found a glowing silver altar of Zin.
 36901 | Abyss:3  | Found a hazy altar of Hepliaklqana.
 36901 | Abyss:3  | Found a basalt altar of Yredelemnul.
 36901 | Abyss:3  | Found an ornate altar of the Wu Jian Council.
 36903 | Abyss:3  | Found a broken altar of Ashenzari.
 37237 | Abyss:5  | Entered Level 5 of the Abyss
 37329 | Abyss:5  | Got an abyssal rune of Zot
 37386 | Depths:4 | Escaped the Abyss
 37396 | Depths:5 | Entered Level 5 of the Depths
 37538 | Depths:5 | Found a gate to the Realm of Zot.
 37541 | Depths:5 | Reached skill level 24 in Spellcasting
 37571 | Zot:1    | Entered Level 1 of the Realm of Zot
 37633 | Zot:1    | Noticed a shard shrike
 37637 | Zot:1    | Killed a shard shrike
 38061 | Zot:3    | Noticed an orb of fire
 38071 | Zot:3    | Gained mutation: You tend to lose your temper in combat.
                  | [an orb of fire]
 38072 | Zot:3    | Killed an orb of fire
 38178 | Zot:4    | Reached skill level 25 in Spellcasting
 38228 | Zot:4    | Noticed an orb of fire
 38233 | Zot:4    | Noticed an orb of fire
 38236 | Zot:4    | Gained mutation: You are frail. (-10% HP) [an orb of fire]
 38240 | Zot:4    | Killed from afar by an orb of fire

Illustrated notes

Levels and vault maps discovered:
D:1:      erik_arrival_orb_chamber, layout_basic, ebering_ecumenical_altar_hall,
          serial_shops, shop
D:2:      layout_basic, basic_altar
D:3:      layout_basic, chequers_temple_overflow_statue_of_worship
D:4:      layout_rooms, minmay_temple_entry_stoned_glass, nrook_uturn
D:5:      layout_rooms, uniq_grinder, uniq_pikel, uniq_blork_the_orc
D:6:      layout_basic, lemuel_crystal_altar, ebering_ghost_rock_garden,
          uniq_eustachio, uniq_prince_ribbit1, uniq_sigmund, uniq_edmund,
          uniq_maggie
D:7:      lemuel_ratsnest, layout_cave_pods, gammafunk_temple_overflow_claw,
          uniq_harold
D:8:      layout_rooms, lemuel_doored_altar, erik_lair_island
D:9:      layout_stronghold, zombieorc1_lemuel, uniq_erolcha
D:10:     due_chaos_kobolds, layout_basic
D:11:     layout_cave_pools, gauntlet_entry_generic,
          portal_ice_cave_demonic_guard
D:12:     layout_cave_pods, minmay_misc_feat_room, minivault_16
D:13:     kennysheep_treasure_stockpile, layout_basic, gammafunk_ghost_crypt,
          kennysheep_doodads
D:14:     layout_irregular_city, ximxim_vaults_locker_room,
          hangedman_abyss_or_decor_slice, serial_ice, serial_ice_i,
          serial_ice_d, serial_ice_n, serial_ice_b, uniq_louise
D:15:     hangedman_depths_entry_civil_slaughter, layout_rooms,
          minmay_misc_feat_encased, tso_altar, uniq_azrael
Temple:   eino_narrow_crystal_temple
Lair:1:   layout_long_grid, maelrawn_ghost_gauntlet_escape, lemuel_fruit_fields,
          uniq_fannar
Lair:2:   layout_cave_pods, elwin_shoals_entry_rooms, grunt_megastairs_4,
          uniq_sonja
Lair:3:   layout_cave_pods, serial_bayou_shore_b
Lair:4:   layout_cave_shapes, spider_nest_entry_a, special_room
          [special_room_bee], serial_bayou_shore_a, grunt_megastairs_1
Lair:5:   statuecave_lemuel, layout_loops_ring
Lair:6:   evilmike_catoblepas_cave, layout_regular_city,
          minmay_slime_entry_pillars, st_stairs_7, nicolae_quartered_pool_super
Shoals:1: gammafunk_sealed_arena, layout_shoals, serial_shops,
          nicolae_diamond_shop, ebering_ghost_rock_garden, abandoned_shop,
          minmay_shop_mass, nicolae_shoals_siren_and_animal_friends
Shoals:2: layout_shoals
Shoals:3: cheibrodos_shoals_epimethial_gifts, layout_shoals, ldierk_geyser,
          nicolae_shoals_so_close
Shoals:4: shoals_end_grunt_garden, layout_shoals,
          nicolae_shoals_stone_sculpture_thing
Spider:1: layout_spider_delve
Spider:2: layout_spider_delve, nicolae_spider_twisty_arc_passages
Spider:3: layout_spider_delve, nicolae_spider_nooks_and_crannies, uniq_arachne
Spider:4: grunt_spider_rune_island
Slime:1:  layout_caves
Slime:2:  layout_caves
Slime:3:  layout_caves, cheibrodos_slime_lost_civilization_7
Slime:4:  layout_caves
Slime:5
Orc:1:    layout_diamond_mine, basic_altar, minmay_orc_temple_b
Orc:2:    st_orc_town, layout_diamond_mine, serial_shops, shop_fountains,
          nicolae_shop_gadgets
Elf:1:    minmay_elf_arrival_summoners, layout_gridlike, serial_shops, shop,
          hangedman_corner_corridor, grunt_ministairs_12,
          minmay_shop_enchanted_jewellery, abandoned_shop
Elf:2:    layout_onion_city, serial_shops, shop, uniq_aizul
Elf:3:    nooodl_elf_gasket, layout_geoelf_castle
Vaults:1: v_misc_18, nicolae_vaults_bisected_exclaves, vaults_dpeg_spiral,
          nicolae_vaults_triangles, nicolae_vaults_border_crossing,
          vaults_room_grid, layout_vaults_omnigrid
Vaults:2: gammafunk_its_a_trap, v_rooms_3, nicolae_vaults_little_squares_3,
          v_misc_33, vaults_dpeg_diagonal, vaults_room_pools,
          ontoclasm_vaults_pinch, hangedman_vaults_corner,
          nicolae_vaults_shelves_hall, vaults_mumra_minichess,
          layout_vaults_omnicross, serial_shops, nicolae_diamond_shop,
          nicolae_shop_crystal, nicolae_shop_temple_entry_statues_fountains,
          shop, uniq_mara
Vaults:3: nicolae_vaults_mini_display_case, grunt_vaults_diagonal,
          minmay_crypt_entry_simple_box, v_alt_pattern_3, hangedman_vaults_trim,
          nicolae_vaults_halls_meeting, v_misc_9,
          vaults_mumra_minichess_inversion, v_misc_28, grunt_vaults_funnel,
          layout_vaults_chaotic_city, uniq_margery, uniq_xtahua
Vaults:4: vaults_room_mumra_shop_pool, dpeg_vaults_pockets_of_resistance,
          ontoclasm_vaults_ring_large, nicolae_vaults_network_s,
          hangedman_vaults_stitches, nicolae_vaults_little_squares_5,
          nicolae_vaults_hallways_thing, vaults_room_octagon,
          hangedman_vaults_nodes, ontoclasm_vaults_decontamination,
          nicolae_vaults_little_squares_2, vaults_mumra_chevron,
          vaults_room_corners, layout_vaults_maze, uniq_donald, uniq_saint_roka
Vaults:5: serial_shops, uniq_jory
Depths:1: layout_cave_shapes, enter_ziggurat_b, serial_bayou,
          serial_bayou_crossing, serial_bayou_pond_d, serial_bayou_pond_b,
          serial_bayou_lagoon_a, serial_bayou_ford_a, serial_bayou_pond_c,
          pf_hell_entry_tar_river, minivault_16, minmay_shop_mayhem,
          nrook_mini_vaults, hangedman_abyss_or_decor_stabs,
          nzn_wu_jian_contemplation
Depths:2: minmay_expanding_squares, layout_honeycomb, grunt_mini_vestibule,
          grunt_dithmenos_smoke, drop_trap, ashenzari_conservatory_becter
Depths:3: impenetrable_vault, layout_honeycomb, hell_entry, serial_shops, shop,
          pan_entry, minmay_staircase_windowed_small, minmay_shop_grove,
          serial_bayou_shore_b, serial_bayou_shore_b, grunt_megastairs_3
Depths:4: minmay_the_grid_square_5x5_5x5_mashed
          [minmay_the_grid_square_5x5_pentomino_r,
          minmay_the_grid_square_5x5_tetrominoes,
          minmay_the_grid_square_5x5_meh, minmay_the_grid_square_5x5_n_small,
          minmay_the_grid_square_5x5_shrine1, minmay_the_grid_square_5x5_empty,
          minmay_the_grid_square_5x5_prize_itemx,
          minmay_the_grid_square_5x5_minivault,
          minmay_the_grid_square_5x5_prize_pseudospiral,
          minmay_the_grid_square_5x5_sharp_hourglass,
          minmay_the_grid_square_5x5_v, minmay_the_grid_square_5x5_spiral,
          minmay_the_grid_square_5x5_prize_snowflake,
          minmay_the_grid_square_5x5_minimal,
          minmay_the_grid_square_5x5_detours,
          minmay_the_grid_square_5x5_three_walls,
          minmay_the_grid_square_5x5_prize_deathbox,
          minmay_the_grid_square_5x5_bracketed,
          minmay_the_grid_square_5x5_prize_rear_guard,
          minmay_the_grid_square_5x5_tie,
          minmay_the_grid_square_5x5_checkered_statues,
          minmay_the_grid_square_5x5_shrine2,
          minmay_the_grid_square_5x5_minibox,
          minmay_the_grid_square_5x5_inner_i, minmay_the_grid_square_5x5_two],
          layout_cave_shapes, hell_entry, abyss_entry_glasseish,
          nicolae_gozag_seed_capital
Depths:5: grunt_crosshair, layout_gridville, serial_shops, statue_bzr,
          minmay_misc_feat_hallway, nicolae_abyss_entry_one_way_or_another,
          hell_entry
Zot:1:    layout_cathedral_of_symmetry, gammafunk_ghost_necromancy,
          hangedman_zot_spectrum
Zot:2:    layout_misc_corridors, st_stairs_13
Zot:3:    lemuel_firehouse, layout_cathedral_of_symmetry,
          gammafunk_ghost_mausoleum
Zot:4:    lemuel_draconian_sentries_small, layout_concentric_octagons

Skill      XL: |  1  2  3  4  5  6  7  8  9 10 11 12 13 14 15 16 17 18 19 20 21 22 23 24 25 26 27 |
---------------+----------------------------------------------------------------------------------+-----
Spellcasting   | 4 5 6 7 8 10 11 12 13 14 15 16 17 18 19 20 21 22 25 | 25.1
Armour         | 2 4 5 7 10 | 10.0
Shields        | 2 4 5 7 8 9 10 11 12 13 14 15 | 15.0
Evocations     | 2 4 5 7 8 9 10 | 10.0
Fighting       | 2 4 5 7 8 9 10 11 12 13 14 15 16 17 18 24 | 24.1
Dodging        | 3 5 6 8 9 10 11 12 13 14 15 16 17 18 19 20 | 20.8
Stealth        | |  1.5

Action                   |  1- 3 |  4- 6 |  7- 9 | 10-12 | 13-15 | 16-18 | 19-21 | 22-24 | 25-27 || total
-------------------------+-------+-------+-------+-------+-------+-------+-------+-------+-------++-------
Melee: Staff             |     1 |       |     2 |     4 |     8 |     3 |    13 |     5 |    24 ||    60
       Unarmed           |       |       |       |       |       |       |     1 |       |       ||     1
 Cast: Magic Dart        |     8 |       |       |       |       |       |       |       |       ||     8
       Searing Ray       |    25 |    23 |    32 |   101 |    81 |    35 |     1 |       |       ||   298
       Fulminant Prism   |       |     1 |    17 |    43 |    40 |    36 |     9 |     5 |     8 ||   159
       Iskenderun's Myst |       |       |     2 |    50 |   175 |   132 |   104 |    48 |    97 ||   608
       Borgnjor's Vile C |       |       |       |     3 |    36 |    43 |     1 |     1 |    24 ||   108
       Summon Mana Viper |       |       |       |       |     1 |       |     3 |       |       ||     4
       Dazzling Flash    |       |       |       |       |     1 |       |       |       |       ||     1
       Death Channel     |       |       |       |       |     1 |       |       |       |       ||     1
       Ozocubu's Refrige |       |       |       |       |       |    82 |   279 |   220 |   284 ||   865
       Storm Form        |       |       |       |       |       |       |     1 |       |       ||     1
       Discord           |       |       |       |       |       |       |       |       |     1 ||     1
       Shatter           |       |       |       |       |       |       |       |       |   330 ||   330
 Abil: End Transformatio |       |       |       |       |       |       |     1 |       |       ||     1
       Blinkbolt         |       |       |       |       |       |       |     1 |       |       ||     1
Evoke: Wand              |       |       |     2 |     5 |     2 |     1 |     3 |     1 |       ||    14
  Use: Scroll            |       |     3 |     2 |     7 |     7 |     6 |    13 |       |     7 ||    45
       Potion            |       |       |       |       |     1 |     3 |       |       |       ||     4
Armor: Robe              |     3 |     1 |     2 |    16 |    28 |    14 |       |       |       ||    64
       Troll leather arm |       |       |       |       |       |    27 |    50 |    21 |    91 ||   189
       Skin              |       |       |       |       |       |       |     3 |       |       ||     3
Dodge: Dodged            |     8 |     3 |     6 |    37 |   132 |    66 |   117 |    58 |   221 ||   648
Block: Kite shield       |       |       |       |    36 |    10 |       |   113 |   120 |   354 ||   633
       Buckler           |       |       |       |       |    42 |    84 |    53 |       |       ||   179
       Reflection        |       |       |       |       |     1 |    22 |    38 |    42 |    16 ||   119
       Other             |       |       |       |       |       |       |     1 |       |       ||     1
       Rpst.: Scimitar   |       |       |       |       |       |       |       |       |     2 ||     2

Table legend: (Time is in decaauts)
 A = Elapsed time spent in this place.
 B = Non-inter-level travel time spent in this place.
 C = Inter-level travel time spent in this place.
 D = Time resting spent in this place.
 E = Time spent auto-exploring this place.
 F = Levels seen in this place.
 G = Mean time per level.
                   A        B        C        D        E       F      G
               +--------+--------+--------+--------+--------+-----+--------+
         Total |  38273 |  35195 |   3078 |   3276 |  23125 |  62 |  617.3 |
       Dungeon |  12682 |  11478 |   1204 |   1268 |   8259 |  15 |  845.5 |
        Temple |     82 |     67 |     15 |      0 |     59 |   1 |   82.0 |
          Lair |   5992 |   5154 |    838 |    400 |   3752 |   6 |  998.7 |
        Shoals |   2336 |   2227 |    109 |     26 |   1632 |   4 |  584.0 |
   Spider Nest |    657 |    589 |     68 |      0 |    324 |   4 |  164.2 |
    Slime Pits |    594 |    557 |     37 |    134 |     76 |   5 |  118.8 |
  Orcish Mines |   1453 |   1258 |    195 |      0 |    938 |   2 |  726.5 |
   Elven Halls |   3918 |   3702 |    216 |   1251 |   1709 |   3 | 1306.0 |
        Vaults |   5659 |   5367 |    292 |     19 |   4158 |   5 | 1131.8 |
        Depths |   2480 |   2389 |     91 |      8 |   1700 |   5 |  496.0 |
           Zot |    670 |    660 |     10 |    100 |    167 |   4 |  167.5 |
         Abyss |   1315 |   1315 |      0 |     70 |    206 |   6 |  219.2 |
      Ice Cave |    211 |    211 |      0 |      0 |     32 |   1 |  211.0 |
      Gauntlet |    217 |    217 |      0 |      0 |    113 |   1 |  217.0 |
               +--------+--------+--------+--------+--------+-----+--------+

Top non-repeatable levels by time:
   Elf:1: 1534 daAuts
   Elf:3: 1432 daAuts
    D:13: 1313 daAuts
     D:9: 1296 daAuts
  Lair:6: 1278 daAuts
Vaults:3: 1240 daAuts
Vaults:2: 1186 daAuts
  Lair:2: 1174 daAuts
Vaults:5: 1156 daAuts
Vaults:1: 1149 daAuts
     D:7: 1142 daAuts
   Orc:2: 1079 daAuts
    D:10: 1054 daAuts
     D:5: 969 daAuts
  Lair:3: 965 daAuts
